 Dungeon Crawl Stone Soup version 0.27-a0-668-gb5737ff2c0 (webtiles) character file.

Game seed: 14686118509019126389

85 kreisler the Sneak (level 4, 0/29 HPs)
             Began as an Octopode Brigand on Mar 17, 2021.
             Succumbed to an adder's poison
             ... on level 2 of the Dungeon.
             The game lasted 00:03:04 (703 turns).

kreisler the Sneak (Octopode Brigand)                Turns: 703, Time: 00:03:05

Health: 0/29       AC:  1    Str: 10    XL:     4   Next: 48%
Magic:  6/6        EV: 13    Int: 13    God:
Gold:   29         SH:  0    Dex: 14    Spells: 6/6 levels left

rFire    . . .     SeeInvis .   a - +2 dagger
rCold    . . .     Faith    .   (no shield)
rNeg     . . .     Spirit   .   (helmet restricted)
rPois    .         Reflect  .   (no amulet)
rElec    .         Harm     .   (no ring)
rCorr    .         Rampage  .   (no ring)
Will     .....                  (no ring)
Stlth    ++++......             (no ring)
HPRegen  0.09/turn              (no ring)
MPRegen  0.10/turn              (no ring)
                                (no ring)
                                (no ring)

@: lethally poisoned (0 -> -3)
A: almost no armour, amphibious, 8 rings, camouflage 1, gelatinous body 1,
nimble swimmer 1, tentacles
a: no special abilities


You were on level 2 of the Dungeon.
You visited 1 branch of the dungeon, and saw 2 of its levels.

You collected 29 gold pieces.

Inventory:

Hand Weapons
 a - a +2 dagger (weapon)
Missiles
 b - 8 poisoned darts (quivered)
 c - 2 curare-tipped darts
Potions
 i - a potion of invisibility


   Skills:
 + Level 2.1 Fighting
 + Level 2.0(2.4) Short Blades
 + Level 1.7(2.2) Long Blades
 + Level 1.7(2.5) Axes
 + Level 1.7(2.4) Maces & Flails
 + Level 2.0(2.6) Polearms
 + Level 1.7(2.5) Staves
 + Level 2.2(2.7) Slings
 + Level 2.5 Bows
 + Level 1.7 Crossbows
 + Level 2.1(2.6) Throwing
 + Level 1.1 Dodging
 + Level 6.6 Stealth
 + Level 1.7 Shields
 + Level 1.7 Unarmed Combat
 + Level 1.5 Spellcasting
 + Level 1.7 Conjurations
 + Level 2.7 Hexes
 + Level 1.7 Summonings
 + Level 1.7 Necromancy
 + Level 1.7 Translocations
 + Level 1.9 Transmutations
 + Level 1.7 Fire Magic
 + Level 1.7 Ice Magic
 + Level 1.7 Air Magic
 + Level 1.7 Earth Magic
 + Level 2.6 Poison Magic


You had 6 spell levels left.
You didn't know any spells.
Your spell library was empty.

Dungeon Overview and Level Annotations

Branches:
Dungeon (2/15)

Altars:


Innate Abilities, Weirdness & Mutations

You cannot wear most types of armour.
You are amphibious.
You can wear up to eight rings at the same time.
Your skin changes colour to match your surroundings (Stealth+).
Your rubbery body absorbs attacks. (AC +1, EV +1)
You are stealthy while swimming. (Stealth+)
You have tentacles for arms and can constrict up to eight enemies at once.


Message History

The jackal bites you.
You hit the jackal. You grab the jackal.
The jackal is moderately wounded.
You constrict the jackal, but do no damage.
The jackal barely misses you.
You hit the jackal. You squeeze the jackal.
You kill the jackal!
You hit the jackal. You grab the jackal. You squeeze the jackal.
The jackal is severely wounded.
You constrict the jackal.
You kill the jackal!
You hit the jackal. Your grab misses the jackal.
The jackal is heavily wounded.
The jackal barely misses you.
You barely miss the jackal. Your grab misses the jackal.
The jackal is heavily wounded.
The jackal closely misses you.
You hit the jackal. Your grab misses the jackal.
The jackal is severely wounded.
The jackal closely misses you. The adder bites you.
* * * LOW HITPOINT WARNING * * *
You are poisoned.
The adder poisons you! The jackal bites you.
* * * LOW HITPOINT WARNING * * *
You hit the adder. You grab the adder.
The adder is moderately wounded.
You constrict the adder.
* * * LOW HITPOINT WARNING * * *
You feel sick. The adder closely misses you. The jackal barely misses you.
You hit the adder. You squeeze the adder.
You kill the adder!
The jackal barely misses you.
You hit the jackal.
You kill the jackal!
You see here a jackal corpse.
* * * LOW HITPOINT WARNING * * *
You feel sick.
You see here a worm corpse.
There is a lethal amount of poison in your body!
You die...

#.##...# .#
#.##...# #.#
#.##...# #.#
#.##...# #.#
#.##...#####.#
#.##......##.#
#..'......'†.#
####......#..#
####...#@.#
#...#.†#
#...#..#
#...#..#
#^..#..########
#...#..†......#
#####.###.......
#.# .###.## #.
.#


There were no monsters in sight!

Vanquished Creatures
  A gnoll (D:1)
  An adder (D:2)
  A worm (D:2)
  A leopard gecko (D:1)
  2 ball pythons
  4 hobgoblins
  4 jackals (D:2)
  A quokka (D:1)
  2 bats (D:1)
  2 goblins (D:1)
  2 kobolds (D:1)
  4 rats (D:1)
25 creatures vanquished.

Notes
Turn   | Place    | Note
-------+----------+-------------------------------------------
     0 | D:1      | kreisler the Octopode Brigand began the quest for the Orb.
     0 | D:1      | Reached XP level 1. HP: 14/14 MP: 1/1
    36 | D:1      | Reached skill level 6 in Stealth
    36 | D:1      | Reached XP level 2. HP: 19/19 MP: 2/2
   398 | D:1      | Reached XP level 3. HP: 22/24 MP: 3/3
   599 | D:1      | Reached skill level 1 in Long Blades
   599 | D:1      | Reached skill level 1 in Axes
   599 | D:1      | Reached skill level 1 in Maces & Flails
   599 | D:1      | Reached skill level 1 in Staves
   599 | D:1      | Reached skill level 1 in Crossbows
   599 | D:1      | Reached skill level 1 in Shields
   599 | D:1      | Reached skill level 1 in Unarmed Combat
   599 | D:1      | Reached skill level 1 in Spellcasting
   599 | D:1      | Reached skill level 1 in Conjurations
   599 | D:1      | Reached skill level 1 in Summonings
   599 | D:1      | Reached skill level 1 in Necromancy
   599 | D:1      | Reached skill level 1 in Translocations
   599 | D:1      | Reached skill level 1 in Transmutations
   599 | D:1      | Reached skill level 1 in Fire Magic
   599 | D:1      | Reached skill level 1 in Ice Magic
   599 | D:1      | Reached skill level 1 in Air Magic
   599 | D:1      | Reached skill level 1 in Earth Magic
   599 | D:1      | Reached XP level 4. HP: 29/29 MP: 3/6
   695 | D:2      | HP: 1/29 [poisoned by an adder]
   703 | D:2      | Succumbed to an adder's poison

Illustrated notes

Levels and vault maps discovered:
D:1:      scummos_arrival_simple_fountains, layout_rooms
D:2:      layout_basic, serial_shops, nicolae_shop_trees, uniq_sigmund

Skill      XL: |  1  2  3 |
---------------+----------+-----
Stealth        | 6 |  6.6
Long Blades    | 1 |  1.7
Axes           | 1 |  1.7
Maces & Flails | 1 |  1.7
Polearms       | 2 |  2.0
Staves         | 1 |  1.7
Slings         | 2 |  2.2
Bows           | 2 |  2.5
Crossbows      | 1 |  1.7
Shields        | 1 |  1.7
Unarmed Combat | 1 |  1.7
Spellcasting   | 1 |  1.5
Conjurations   | 1 |  1.7
Hexes          | 2 |  2.7
Summonings     | 1 |  1.7
Necromancy     | 1 |  1.7
Translocations | 1 |  1.7
Transmutations | 1 |  1.9
Fire Magic     | 1 |  1.7
Ice Magic      | 1 |  1.7
Air Magic      | 1 |  1.7
Earth Magic    | 1 |  1.7
Poison Magic   | 2 |  2.6
Fighting       | |  2.1
Short Blades   | |  2.0
Throwing       | |  2.1
Dodging        | |  1.1

Action                   |  1- 3 |  4- 6 || total
-------------------------+-------+-------++-------
Melee: Dagger            |    23 |    18 ||    41
       Constrict         |     6 |     4 ||    10
       Tentacles         |     5 |     6 ||    11
  Use: Potion            |     2 |     2 ||     4
       Scroll            |     2 |       ||     2
 Stab: Sleeping          |     7 |     1 ||     8
Armor: Skin              |     2 |       ||     2
Dodge: Dodged            |     6 |    16 ||    22

Table legend: (Time is in decaauts)
 A = Elapsed time spent in this place.
 B = Non-inter-level travel time spent in this place.
 C = Inter-level travel time spent in this place.
 D = Time resting spent in this place.
 E = Time spent auto-exploring this place.
 F = Levels seen in this place.
 G = Mean time per level.
                   A        B        C        D        E       F      G
               +--------+--------+--------+--------+--------+-----+--------+
         Total |    698 |    667 |     31 |      0 |    500 |   2 |  349.0 |
       Dungeon |    698 |    667 |     31 |      0 |    500 |   2 |  349.0 |
               +--------+--------+--------+--------+--------+-----+--------+

Top non-repeatable levels by time:
     D:1: 631 daAuts
     D:2: 66 daAuts
